Map: Cerulean Fall LE

Players

Piroxiljin

  • Race: Terran Terran
  • Spawn Location: 1:00

A.I. 1 (Hard) - Winner!

  • Race: Terran Terran
  • Spawn Location: 7:00

VOD

Have the link to the VOD?

Description

Time

  • Played on: Jan. 19, 2019, 12:07 a.m.
  • Length: 25:26
Show
View Real Time Build Order
Export as new Build Order

Piroxiljin Terran 

Build Orders: Mech 

Get SALT Encoding   

  12  0:01  SCV  
  13  0:13  SCV  
  14  0:19  Supply Depot  
  14  0:25  SCV  
  15  0:34  Refinery  
  15  0:41  SCV  
  16  0:48  Barracks  
  16  0:56  SCV  
  17  1:10  SCV  
  18  1:16  Supply Depot  
  18  1:25  SCV, Refinery  
  19  1:36  Barracks Tech Lab  
  19  1:53  Supply Depot  
  19  1:56  SCV  
  19  2:00  Marauder  
  22  2:11  Factory  
  22  2:14  SCV  
  23  2:28  Marauder  
  25  3:10  Siege Tank  
  28  3:13  Barracks Reactor  
  28  3:19  Barracks Tech Lab  
  28  3:31  Command Center  
  28  3:38  SCV  
  29  3:49  Siege Tank  
  34  3:55  Marauder  
  34  3:57  Concussive Shells  
  34  4:05  Factory  
  34  4:17  Mag-Field Accelerator  
  34  4:25  Cyclone  
  34  4:27  Marauder  
  34  4:29  Orbital Command  
  39  5:13  SCV, Supply Depot  
  40  5:14  Refinery  
  40  5:19  SCV  
  41  5:24  Cyclone  
  41  5:26  Siege Tank  
  41  5:28  Barracks Tech Lab  
  47  5:38  SCV  
  48  5:48  Refinery  
  48  5:50  SCV  
  48  5:55  Engineering Bay  
  48  5:56  SCV  
  50  5:59  Cyclone  
  50  6:02  SCV  
  54  6:06  Marine  
  54  6:08  Cyclone  
  58  6:11  Infernal Pre-Igniter  
  58  6:15  SCV  
  59  6:18  Orbital Command  
  59  6:31  Terran Infantry Weapons Level 1  
  59  6:36  Marine  
  60  6:43  Widow Mine  
  62  7:00  Supply Depot  
  62  7:22  Armory, Widow Mine  
  64  7:29  Factory  
  64  7:34  Combat Shield  
  65  7:37  SCV  
  65  7:38  SCV  
  66  8:03  Widow Mine  
  68  8:06  Widow Mine  
  70  8:26  Factory Tech Lab  
  70  8:37  Starport  
  70  8:45  Supply Depot  
  70  9:07  SCV  
  71  9:10  Drilling Claws  
  71  9:14  Marauder  
  71  9:15  Starport Tech Lab  
  73  9:21  Factory  
  73  9:28  Terran Vehicle Weapons Level 1  
  73  9:34  Terran Infantry Armor Level 1  
  73  9:40  Engineering Bay  
  73  9:41  SCV  
  73  9:43  SCV  
  75  9:46  Marine  
  76  9:53  Raven  
  76  9:58  Supply Depot  
  78  10:14  Supply Depot x2  
  78  10:15  Supply Depot  
  78  10:20  Cyclone x2, Marine  
  85  10:41  Command Center  
  85  10:52  SCV  
  85  10:54  SCV  
  87  10:57  Marauder  
  87  11:01  Factory Tech Lab  
  87  11:12  Thor  
  93  11:24  Hellion  
  95  11:28  Marauder  
  95  11:29  Thor  
  95  11:30  Thor  
  109  11:39  Terran Vehicle And Ship Armor Level 1  
  109  11:52  Raven  
  109  11:53  Siege Tank  
  114  11:55  Siege Tank, Orbital Command  
  114  11:59  SCV, Refinery  
  118  12:24  SCV  
  118  12:26  SCV x2  
  100  13:32  Terran Vehicle Weapons Level 2  
  100  13:50  Thor  
  100  13:51  Siege Tank  
  100  13:53  Cyclone  
  100  13:54  Siege Tank  
  115  14:00  Supply Depot  
  115  14:04  SCV  
  116  14:16  SCV  
  117  14:23  Supply Depot, Thor  
  123  14:25  Cyclone  
  126  14:45  Supply Depot  
  126  15:41  SCV  
  127  15:45  SCV  
  128  15:50  Thor x2  
  128  15:53  SCV  
  128  15:55  Factory Tech Lab  
  141  15:57  SCV  
  141  15:59  Medivac  
  144  16:05  SCV  
  144  16:08  Thor x3  
  144  16:09  Terran Vehicle Weapons Level 3  
  145  16:12  Terran Infantry Armor Level 2  
  145  16:14  Terran Infantry Weapons Level 2  
  145  16:17  SCV  
  146  16:29  SCV, Medivac  
  146  16:30  Refinery  
  130  16:41  SCV  
  97  17:02  Cyclone  
  97  17:03  Cyclone, Siege Tank x2  
  100  17:34  Siege Tank  
  85  17:52  SCV  
  86  18:04  SCV, Supply Depot  
  87  18:05  Supply Depot  
  87  18:06  Supply Depot  
  87  18:09  SCV  
  82  18:21  SCV, Command Center  
  72  18:34  SCV  
  72  18:39  Supply Depot  
  72  18:40  Supply Depot  
  72  18:43  Supply Depot  
  72  18:46  SCV  
  73  18:56  Thor x2  
  73  18:57  Siege Tank x2  
  73  19:00  Raven  
  93  19:20  Terran Vehicle And Ship Armor Level 2  
  93  19:24  Corvid Reactor  
  93  19:29  Cyclone x2  
  99  19:38  Thor  
  99  19:39  Thor  
  99  19:43  Raven  
  113  20:01  Factory, Hellbat x2  
  75  21:04  Thor x2  
  61  21:06  Siege Tank  
  61  21:07  Siege Tank  
  78  21:20  SCV  
  79  21:28  SCV  
  79  21:32  SCV  
  81  21:44  SCV  
  82  21:51  Command Center  
  82  22:21  Factory  
  82  22:28  Factory  
  82  22:35  Thor  
  88  22:43  SCV  
  89  22:56  Siege Tank x2  
  95  23:06  Viking  
  95  23:09  Factory Tech Lab  
  97  23:13  Factory Tech Lab  
  97  23:20  Missile Turret  
  97  23:21  Missile Turret  
  97  23:31  SCV  
  98  23:43  SCV  
  99  23:48  Refinery  
  99  23:49  Refinery  
  99  23:55  SCV  
  65  24:41  Hellion x3  
  65  24:42  Hellion  
  56  25:02  Hellion  
  56  25:03  Marauder  
Show
View Real Time Build Order
Export as new Build Order

A.I. 1 (Hard) Terran - Winner!

Build Orders:  

Get SALT Encoding   

  12  0:00  SCV  
  13  0:13  SCV  
  14  0:19  Supply Depot  
  14  0:25  SCV  
  15  0:40  SCV  
  16  0:45  Barracks  
  16  0:50  Refinery  
  16  0:53  SCV  
  17  1:05  SCV  
  18  1:17  SCV  
  19  1:22  Supply Depot  
  19  1:29  SCV  
  20  1:32  Marine  
  21  1:42  Orbital Command  
  21  1:52  Barracks Tech Lab, Barracks  
  21  2:02  Supply Depot  
  21  2:10  Marine  
  23  2:22  SCV  
  23  2:28  Marine  
  24  2:31  Refinery  
  24  2:35  SCV  
  25  2:38  Supply Depot, Marine  
  26  2:46  Marauder  
  26  2:47  SCV, Engineering Bay  
  29  2:56  Marine  
  30  2:59  SCV  
  31  3:07  Marauder  
  31  3:11  SCV  
  34  3:23  SCV  
  35  3:29  Marauder  
  37  4:15  Barracks Tech Lab  
  37  4:16  Stimpack, Marine  
  37  4:17  Factory  
  38  4:19  Missile Turret  
  38  4:20  Terran Infantry Weapons Level 1, Supply Depot  
  38  4:23  Missile Turret  
  38  4:33  Combat Shield  
  38  4:44  Bunker  
  38  4:54  Marine  
  37  5:00  Factory Tech Lab  
  37  5:02  Factory  
  37  5:04  Marine  
  38  5:15  Barracks  
  38  5:18  Siege Tank  
  41  5:35  Command Center  
  41  5:46  Factory Tech Lab  
  41  5:50  Cyclone  
  41  5:52  Concussive Shells  
  44  6:05  Siege Tank  
  47  6:14  Terran Infantry Armor Level 1  
  47  6:24  Starport  
  47  6:25  Supply Depot  
  47  6:47  SCV  
  47  6:49  SCV  
  49  6:57  Refinery  
  49  7:00  SCV  
  50  7:01  SCV  
  50  7:06  Missile Turret  
  50  7:07  Starport Tech Lab  
  51  7:09  Missile Turret  
  51  7:11  Refinery  
  51  7:12  SCV  
  51  7:13  SCV  
  53  7:24  SCV  
  53  7:25  Raven, SCV  
  57  7:30  Bunker  
  57  7:36  SCV  
  58  7:37  SCV  
  58  7:39  Sensor Tower  
  59  7:48  SCV  
  59  7:49  SCV  
  61  7:51  Armory  
  61  7:53  Barracks Reactor  
  61  8:00  SCV  
  61  8:02  SCV  
  63  8:08  Raven  
  63  8:12  SCV  
  66  8:13  Widow Mine  
  66  8:17  Starport  
  66  8:18  Supply Depot  
  68  8:39  Marine  
  69  8:42  Supply Depot  
  69  8:47  Marine  
  65  8:50  Medivac  
  65  8:53  Starport Tech Lab  
  65  8:54  Marine  
  54  9:01  Marine  
  55  9:08  Marine  
  56  9:11  Medivac  
  56  9:15  Marine  
  56  9:16  Command Center  
  59  9:20  Medivac  
  59  9:23  Marauder  
  63  9:30  Marine  
  64  9:36  SCV  
  64  9:37  Marine  
  66  9:41  Raven  
  66  9:44  Siege Tank  
  71  9:50  Supply Depot  
  71  9:52  Marauder  
  73  9:59  Marauder  
  75  10:06  Viking  
  77  10:10  Liberator  
  77  10:13  Siege Tank  
  80  10:17  Engineering Bay  
  80  10:20  Widow Mine  
  82  10:28  SCV  
  86  10:29  SCV  
  86  10:30  Supply Depot  
  86  10:31  SCV  
  88  10:36  Viking  
  88  10:39  Refinery  
  88  10:40  SCV  
  88  10:41  SCV, Thor  
  98  10:43  SCV, Terran Infantry Weapons Level 2  
  98  10:48  Liberator  
  98  10:52  SCV  
  98  10:53  SCV  
  98  10:55  SCV  
  98  10:56  Missile Turret  
  101  10:58  Refinery  
  101  11:00  Terran Infantry Armor Level 2  
  101  11:01  Missile Turret  
  101  11:04  SCV  
  101  11:05  SCV  
  101  11:07  SCV  
  101  11:10  Terran Vehicle Weapons Level 1  
  107  11:16  SCV  
  107  11:18  SCV  
  108  11:19  SCV  
  109  11:27  Bunker  
  109  11:28  SCV  
  109  11:30  SCV  
  109  11:32  SCV, Ghost Academy  
  112  11:33  Supply Depot  
  112  11:40  SCV  
  112  11:42  SCV, Fusion Core  
  114  11:49  Armory  
  114  12:36  Terran Vehicle And Ship Armor Level 1  
  114  12:42  Advanced Ballistics, Ghost  
  116  12:45  Supply Depot, Marine  
  116  12:48  Marine  
  116  12:51  Marine  
  119  12:54  Widow Mine  
  119  12:57  Widow Mine  
  123  13:01  Terran Infantry Weapons Level 3  
  123  13:03  Marine  
  123  13:04  Terran Ship Weapons Level 1  
  124  13:10  Ghost  
  124  13:12  Marine  
  122  13:14  Supply Depot  
  122  13:15  Marine  
  122  13:17  Terran Infantry Armor Level 3  
  98  13:21  Marine  
  98  13:23  Widow Mine  
  87  13:30  Marine  
  87  13:32  Siege Tank  
  87  13:33  Marine  
  92  13:38  Marine  
  92  13:39  Marine  
  94  13:43  Raven  
  94  13:48  Marine  
  96  13:54  Siege Tank  
  100  13:57  Marauder x2  
  104  14:04  Widow Mine  
  106  14:18  Marauder  
  106  14:19  Marauder  
  110  14:26  Thor  
  110  14:29  Terran Vehicle Weapons Level 2  
  116  14:41  Command Center  
  116  14:58  Terran Vehicle And Ship Armor Level 2  
  116  14:59  Drilling Claws  
  115  15:22  Rapid Reignition System  
  115  15:38  Neosteel Armor  
  115  15:54  SCV, Hi-Sec Auto Tracking  
  116  16:04  Refinery  
  116  16:07  Hellion  
  116  16:08  Missile Turret  
  116  16:10  Hellion  
  120  16:11  Missile Turret  
  120  16:13  Refinery  
  120  16:28  Siege Tank  
  120  16:31  Siege Tank  
  120  16:32  Bunker  
  126  16:37  Marine  
  126  16:39  Raven  
  121  16:41  Marine  
  121  16:44  Marine  
  121  16:45  Terran Ship Weapons Level 2  
  103  16:48  Marine  
  103  16:50  Raven  
  91  16:55  Marine  
  91  16:58  Marine  
  88  17:02  Marine  
  88  17:06  Marine  
  88  17:07  Siege Tank  
  93  17:10  Siege Tank  
  93  17:14  Terran Vehicle Weapons Level 3, Marine  
  97  17:18  Marine  
  97  17:22  Raven, Marine  
  96  17:25  Marine  
  90  17:32  Marine  
  90  17:33  Medivac  
  90  17:36  Marine  
  87  17:39  Siege Tank  
  87  17:43  Hellion  
  87  17:44  Marine  
  89  17:47  Marine  
  91  18:03  Medivac  
  91  18:04  Hellion  
  91  18:05  Raven  
  97  18:11  Hellion  
  98  18:15  SCV  
  98  18:16  SCV  
  99  18:24  SCV  
  99  18:25  Siege Tank  
  102  18:32  Siege Tank  
  102  18:33  Raven  
  105  18:57  Thor  
  105  19:01  Terran Vehicle And Ship Armor Level 3  
  111  19:04  Siege Tank  
  114  19:29  Marauder  
  116  19:32  Marauder  
  116  19:35  Supply Depot, Command Center  
  116  19:36  Viking  
  120  19:39  Marine  
  120  19:42  Marine  
  122  19:50  Marine  
  122  19:51  Terran Ship Weapons Level 3  
  122  19:52  Siege Tank  
  126  19:53  Marine  
  126  19:55  Siege Tank  
  126  19:57  Viking  
  132  20:01  Marine  
  132  20:03  Supply Depot  
  132  20:04  Marine  
  132  20:08  Marine  
  132  20:11  Marine  
  134  20:23  Marine  
  134  20:26  Marauder, Marine  
  129  20:29  Marine  
  129  20:32  Supply Depot  
  129  20:34  Raven  
  123  20:41  Marine  
  124  20:44  Marine  
  124  20:45  Raven  
  124  20:47  Marine x2  
  124  20:49  Refinery  
  119  20:55  Missile Turret  
  113  20:58  Missile Turret  
  113  20:59  Marine  
  113  21:02  Refinery, Marine  
  115  21:05  Marine  
  115  21:06  Marauder  
  118  21:17  Raven, Marine  
  118  21:18  Bunker  
  118  21:19  Marine  
  118  21:23  Marauder  
  121  21:27  Marauder  
  123  21:44  Marauder  
  125  21:48  Ghost  
  127  22:06  Marauder  
  129  22:17  Marauder  
  131  22:27  Marauder  
  133  22:38  Marauder  
  135  22:49  Marauder  
  137  23:00  Marauder  
  139  23:09  Ghost  
  141  23:21  Marauder  
  143  23:35  SCV  
  143  23:39  Marauder  
  145  23:42  Marauder  
  145  23:48  Cyclone  
  150  24:11  Marine  
  150  24:14  Marine  
  150  24:15  Raven  
  150  24:16  Raven, Marine  
  149  24:18  Marine  
  149  24:19  Command Center  
  145  24:29  Marine  
  146  24:32  Marine  
  146  24:34  Marine  
Tags
 
Composition
Mech
Matchup
TvT
Race
Terran
Spawn Locations
Cross Positions
Add a new tag
Caveats
  • Supply blocks, unpowered buildings, or Contaminate may cause inaccurate times.
  • Supply counts are checked every 10 seconds.